 Dungeon Crawl Stone Soup version 0.30-a0-141-g30f27751c5 (webtiles) character file.

Game seed: 1033769352109897644

158 KennySheep the Sneak (level 5, -1/44 HPs)
             Began as a Naga Earth Elementalist on Sept 26, 2022.
             Killed from afar by an orc wizard (7 damage)
             ... with a magic dart
             ... on level 3 of the Dungeon.
             The game lasted 00:09:20 (3348 turns).

KennySheep the Sneak (Naga Earth Elementalist)      Turns: 3348, Time: 00:09:20

Health: -1/44      AC:  2    Str: 10    XL:     5   Next: 40%
Magic:  0/8        EV: 10    Int: 17    God:
Gold:   179        SH:  0    Dex: 12    Spells: 2/8 levels left

rFire   . . .      SeeInvis +    c - +0 dagger
rCold   . . .      Faith    .    (no shield)
rNeg    . . .      Spirit   .    a - +0 robe
rPois   +          Reflect  .    (no helmet)
rElec   .          Harm     .    (no cloak)
rCorr   .          Rampage  .    (no gloves)
Will    +....                    (no barding)
Stlth   +++.......               (no amulet)
HPRegen 0.14/turn                t - ring of willpower
MPRegen 0.11/turn                (no ring)

@: very slightly contaminated, very slow
A: AC +1, large, see invisible, deformed body, poison resistance, slowness 2,
spit poison 1, naga tail 1
a: Spit Poison


You were on level 3 of the Dungeon.
You visited 1 branch of the dungeon, and saw 4 of its levels.

You collected 179 gold pieces.

Inventory:

Hand Weapons
 c - a +0 dagger (weapon)
Missiles
 p - a throwing net
Armour
 a - a +0 robe (worn)
Jewellery
 t - a ring of willpower (left hand)
Wands
 n - a wand of mindburst (8)
 q - a wand of iceblast (8)
Scrolls
 e - a scroll of identify {unknown}
 f - a scroll of magic mapping {unknown}
 h - 3 scrolls of teleportation
 i - a scroll of butterflies {unknown}
 j - a scroll of vulnerability {unknown}
 m - a scroll of immolation {unknown}
 r - a scroll of silence {unknown}
Potions
 b - a potion of magic
 d - a potion of heal wounds {unknown}
 g - a potion of lignification {unknown}
 k - 2 potions of ambrosia
 l - a potion of cancellation
 o - a potion of flight {unknown}
 s - a potion of might {unknown}
 u - a potion of attraction {unknown}


   Skills:
 + Level 1.2 Fighting
 - Level 1.9 Dodging
 + Level 4.4 Stealth
 + Level 2.4 Spellcasting
 * Level 2.3 Conjurations
 - Level 1.7 Transmutations
 - Level 3.6 Earth Magic


You had 2 spell levels left.
You knew the following spells:

 Your Spells              Type           Power      Damage    Failure   Level
a - Sandblast             Erth           28%        2d8       4%          1
b - Passwall              Tmut/Erth      9%         N/A       10%         2
c - Stone Arrow           Conj/Erth      24%        3d8       16%         3

Your spell library contained the following spells:

 Spells                   Type           Power      Damage    Failure   Level
 Summon Guardian Golem    Hex/Summ       2%         N/A       50%         3
 Petrify                  Tmut/Erth      11%        N/A       52%         4
 Orb of Destruction       Conj           4%         9d5       100%        7
 Spellforged Servitor     Conj/Summ      2%         N/A       100%        7


Dungeon Overview and Level Annotations

Branches:
Dungeon (4/15)
 Temple: D:4-7

Altars:

Shops:
D:3 =

Annotations:
D:4 2 runed translucent doors, Dazliare's ghost, amateur SpDe


Innate Abilities, Weirdness & Mutations

Your serpentine skin is tough. (AC +1)
You have supernaturally acute eyesight. (SInv)
Armour fits poorly on your strangely shaped body.
Your system is resistant to poisons. (rPois)
You cover ground very slowly.
You can spit poison.
You have a snake-like lower body.


Message History

The orc priest is heavily wounded.
The orc wizard gestures at you while chanting.
The magic dart hits you.
The orc priest hits you from afar with a +0 trident!
Aiming: Sandblast (safe; 4% risk of failure)
Press: ? - help, Q - select action, (/) - cycle Shift-Dir - straight line, f/p - orc priest
Aim: an orc priest, wielding a +0 trident (heavily wounded, 82% to hit)
The blast of sand misses the orc priest.
The orc priest completely misses you.
The orc priest hits you from afar with a +0 trident!
The orc wizard gestures at you while chanting.
The magic dart hits you.
The orc priest hits you from afar with a +0 trident!
* * * LOW HITPOINT WARNING * * *
You climb upwards.
There is a stone staircase leading down here.
Okay, then.
Casting: Sandblast (safe; 4% risk of failure)
Confirm with . or Enter, or press ? or * to list all spells.
Okay, then.
Casting: Sandblast (safe; 4% risk of failure)
Confirm with . or Enter, or press ? or * to list all spells.
Aiming: Stone Arrow (dangerous; 16% risk of failure)
Press: ? - help, Shift-Dir - straight line, f - orc wizard
Aim: an orc wizard, wielding a +2 dagger of protection and wearing a +0 robe (60% to hit)
The stone arrow hits the orc wizard!
The orc wizard is severely wounded.
The orc wizard hits you with a +2 dagger of protection.
* * * LOW HITPOINT WARNING * * *
Casting: Stone Arrow (dangerous; 16% risk of failure)
Confirm with . or Enter, or press ? or * to list all spells.
Aiming: Stone Arrow (dangerous; 16% risk of failure)
Press: ? - help, Shift-Dir - straight line, f/p - orc wizard
Aim: an orc wizard, wielding a +2 dagger of protection and wearing a +0 robe (severely wounded, 60% to hit)
You miscast Stone Arrow.
You are very lightly contaminated with residual magic.
Nothing appears to happen.
The orc wizard casts a spell at you. The magic dart hits you!
You die...

# ###### .....# #####
####.# #...############
# #.#
###........†.....#
####.#
######†......########.#
.....###....>...o...#
#.#
###.#.##.####...@...#
#.#
...###..........#.#.#
#.#
###.#.##.######..∩..#
#.# ####.###.#
###.#.########.#
.###.....#
#.........##.#
#.##.#####
#########.##.# #....#
#.##.# #.####
######.##.# .##
#.........#


You could see an orc wizard.

Vanquished Creatures
  Ijyb (D:3)
  A gnoll (D:1)
  7 adders
  An orc (D:3)
  7 ball pythons
  7 endoplasms
  A giant cockroach (D:1)
  5 goblins
  A hobgoblin (D:3)
  6 jackals
  4 kobolds
  4 quokkas
  9 bats
  4 frilled lizards
  A rat (D:2)
59 creatures vanquished.

Notes
Turn   | Place    | Note
-------+----------+-------------------------------------------
     0 | D:1      | KennySheep the Naga Earth Elementalist began the quest for
                  | the Orb.
     0 | D:1      | Reached XP level 1. HP: 15/15 MP: 3/3
   275 | D:1      | Reached XP level 2. HP: 22/22 MP: 3/5
   282 | D:1      | Learned a level 2 spell: Passwall
   622 | D:1      | Found a faded altar of an unknown god.
   662 | D:1      | Reached XP level 3. HP: 30/30 MP: 4/6
  1608 | D:2      | Reached skill level 1 in Fighting
  1725 | D:2      | Reached skill level 1 in Conjurations
  1725 | D:2      | Reached XP level 4. HP: 38/38 MP: 4/7
  2462 | D:3      | Noticed Ijyb
  2789 | D:3      | Learned a level 3 spell: Stone Arrow
  2793 | D:3      | Killed Ijyb
  2794 | D:3      | Reached skill level 4 in Stealth
  2794 | D:3      | Reached XP level 5. HP: 44/44 MP: 6/8
  2859 | D:3      | Found Ecaripic's Jewellery Emporium.
  3342 | D:4      | Found a runed translucent gate.
  3342 | D:4      | Found a runed translucent gate.
  3344 | D:4      | Noticed Dazliare's ghost (amateur SpDe)
  3348 | D:3      | Killed from afar by an orc wizard

Illustrated notes

Levels and vault maps discovered:
D:1:      elethiomel_arrival_shortcut, layout_loops_ring,
          basic_ecumenical_altar, kennysheep_boxes
D:2:      layout_basic, chequers_serial_rivers_small_b
D:3:      layout_loops_ring, serial_shops, nicolae_shop_crystal, uniq_ijyb
D:4:      layout_basic, nicolae_uskayaw_murder_on_the_dancefloor,
          biasface_ghost_orc_armoury, minmay_ogre_servants

Skill      XL: |  1  2  3  4  5 |
---------------+----------------+-----
Fighting       | 1 |  1.2
Conjurations   | 1 2 |  2.3
Stealth        | 4 |  4.4
Dodging        | |  1.9
Spellcasting   | |  2.4
Transmutations | |  1.7
Earth Magic    | |  3.6

Action                   |  1- 3 |  4- 6 || total
-------------------------+-------+-------++-------
Melee: Unarmed           |    13 |       ||    13
 Cast: Sandblast         |    47 |    37 ||    84
       Stone Arrow       |       |     1 ||     1
 Abil: Spit Poison       |     2 |       ||     2
Evoke: Wand              |       |     2 ||     2
  Use: Scroll            |     1 |       ||     1
       Potion            |     1 |     1 ||     2
Armor: Robe              |    15 |     6 ||    21
Dodge: Dodged            |    16 |     9 ||    25

Table legend: (Time is in decaauts)
 A = Elapsed time spent in this place.
 B = Non-inter-level travel time spent in this place.
 C = Inter-level travel time spent in this place.
 D = Time resting spent in this place.
 E = Time spent auto-exploring this place.
 F = Levels seen in this place.
 G = Mean time per level.
                   A        B        C        D        E       F      G
               +--------+--------+--------+--------+--------+-----+--------+
         Total |   4331 |   4205 |    126 |    500 |   3203 |   4 | 1082.8 |
       Dungeon |   4331 |   4205 |    126 |    500 |   3203 |   4 | 1082.8 |
               +--------+--------+--------+--------+--------+-----+--------+

Top non-repeatable levels by time:
     D:1: 1576 daAuts
     D:2: 1543 daAuts
     D:3: 1203 daAuts
     D:4: 8 daAuts
